 Dungeon Crawl Stone Soup version 0.31.0-11-ge490571c62 (webtiles) character file.

Game seed: 18177661553202342311

31 qw the Shooter (level 3, -1/18 HPs)
             Began as a Spriggan Hunter on Feb 4, 2024.
             Slain by a ribbon worm (3 damage)
             ... on level 2 of the Dungeon.
             The game lasted 00:00:37 (1214 turns).

qw the Shooter (Spriggan Hunter)                    Turns: 1214, Time: 00:00:38

Health: -1/18      AC:  2    Str: 13    XL:     3   Next: 7%
Magic:  4/4        EV: 19    Int: 10    God:
Gold:   55         SH:  0    Dex: 20    Spells: 2/2 levels left

rFire   . . .        a - +0 shortbow
rCold   . . .        (shield currently unavailable)
rNeg    . . .        c - +0 robe
rPois   .            (helmet restricted)
rElec   .            (no cloak)
rCorr   .            (gloves unavailable)
SInv    +            (boots unavailable)
Will    .....        (no amulet)
Stlth   ++           h - +6 ring of strength
HPRegen 0.23/turn    (no ring)
MPRegen 0.09/turn

%: no passive effects
@: very quick
A: very small, no large weapons, unfitting armour, see invisible, speed 3
a: no special abilities


You were on level 2 of the Dungeon.
You visited 1 branch of the dungeon, and saw 2 of its levels.

You collected 55 gold pieces.


Innate Abilities, Weirdness & Mutations

You are very small and have problems with some larger weapons.
You are too small for most types of armour.
You have supernaturally acute eyesight. (SInv)
You cover ground extremely quickly. (Speed+++)


   Skills:
 - Level 1.5 Fighting
 + Level 4.4 Ranged Weapons
 - Level 4.0 Dodging
 - Level 1.5 Stealth


You had 2 spell levels left.
You didn't know any spells.
Your spell library was empty.

Inventory:

Hand Weapons
 a - a +0 shortbow (weapon)
Armour
 c - a +0 robe (worn)
 i - a +0 cloak
Jewellery
 h - a +6 ring of strength (left hand)
Scrolls
 d - a scroll of enchant armour
Potions
 b - a potion of magic {unknown}
 e - 2 potions of curing
 g - a potion of invisibility {unknown}

Dungeon Overview and Level Annotations

Branches:
Dungeon (2/15)

Altars:


Message History

The web tears apart.
The adder closely misses you.
The ribbon worm expels a string of sticky webbing.
The stream of webbing hits you but does no damage.
You are caught in a web!
The ball python barely misses you. The ball python grabs you.
The ball python constricts you.
You struggle to detach yourself from the web.
The adder closely misses you. The ball python barely misses you.
The ball python constricts you.
The web tears apart.
The adder barely misses you. The ribbon worm closely misses you.
The ball python closely misses you. The ball python constricts you.
The adder barely misses you.
You shoot an arrow.
The arrow closely misses the ball python.
The ball python bites you. The ball python constricts you. The adder bites you.
You are poisoned.
The adder poisons you! The ribbon worm closely misses you.
You shoot an arrow. The arrow hits the ball python.
The ball python is moderately wounded.
You feel sick. The adder completely misses you. The ball python misses you.
The ball python constricts you. The ribbon worm bites you.
The adder misses you. The ball python bites you.
The ball python constricts you.
You shoot an arrow.
The arrow barely misses the ball python.
You feel sick. The adder closely misses you.
The ribbon worm closely misses you.
The ball python bites you but does no damage.
The ball python constricts you.
You shoot an arrow. The arrow hits the ball python.
The ball python is severely wounded.
You feel sick.
You are no longer poisoned.
The adder bites you but does no damage. The ball python barely misses you.
The ball python constricts you.
The ribbon worm bites you but does no damage.
The adder barely misses you.
You shoot an arrow. The arrow hits the ball python!
You kill the ball python!
The adder misses you. The ribbon worm bites you.
You die...

#<.................P
.........#.......~~ #
..............#..P~ #
...............# #######
.........S###...P
#.....#####.###..w## .
#.....#.......#..##
..............#w#######.
#.....#.........@S......
777...#.......#.#####..#
77777.........# P
~~~7.....### ~~~
7~~7~P....# P~
~7~~~77.... ~ ~ ~~~~
77... ~~ ~~ 77>.


You could see a ribbon worm and an adder.

Vanquished Creatures
  2 dart slugs
  A ribbon worm (D:2)
  A bat (D:1)
  A giant cockroach (D:1)
  2 goblins
  2 hobgoblins
  6 jackals
  3 ball pythons
  2 frilled lizards (D:1)
  A kobold (D:1)
  5 rats (D:1)
26 creatures vanquished.

Notes
Turn   | Place    | Note
-------+----------+-------------------------------------------
     0 | D:1      | qw the Spriggan Hunter began the quest for the Orb.
     0 | D:1      | Reached XP level 1. HP: 10/10 MP: 2/2
     0 | D:1      | 0 ||| qw: Version: 0.3-a-160-g6735b56
     0 | D:1      | 0 ||| qw: Game counter: 5924
     0 | D:1      | 0 ||| qw: Melee chars always use a shield: true
     0 | D:1      | 0 ||| qw: God list: Okawaru
     0 | D:1      | 0 ||| qw: Allow faded altars: false
     0 | D:1      | 0 ||| qw: Do Orc after clearing Dungeon:15 true
     0 | D:1      | 0 ||| qw: Do second Lair branch before Depths: true
     0 | D:1      | 0 ||| qw: Lair rune preference: random
     0 | D:1      | 0 ||| qw: Goals: Normal
     0 | D:1      | 0 ||| PLANNING D:1-11
   142 | D:1      | Reached skill level 3 in Dodging
   339 | D:1      | Reached XP level 2. HP: 14/14 MP: 3/3
   536 | D:1      | Found a faded altar of an unknown god.
  1058 | D:1      | 1058 ||| UPGRADING to +6 ring of strength.
  1059 | D:1      | 1059 ||| READING 2 scrolls labelled RAWICKUI GOZXU.
  1059 | D:1      | 1059 ||| ENCHANTING +0 shortbow.
  1060 | D:1      | 1060 ||| DRINKING 3 murky puce potions.
  1061 | D:1      | 1061 ||| DRINKING 2 blue potions.
  1062 | D:1      | 1062 ||| DROPPING scroll of butterflies.
  1102 | D:2      | 1102 ||| STAIRDANCE
  1167 | D:2      | 1167 ||| RETREEEEATING.
  1168 | D:2      | 1168 ||| RETREEEEATING.
  1169 | D:2      | 1169 ||| RETREEEEATING.
  1170 | D:2      | 1170 ||| RETREEEEATING.
  1173 | D:2      | 1173 ||| RETREEEEATING.
  1198 | D:2      | HP: 3/14 [jackal (1)]
  1199 | D:2      | 1199 ||| DRINKING potion of heal wounds.
  1203 | D:2      | Reached XP level 3. HP: 15/18 MP: 4/4
  1211 | D:2      | HP: 4/18 [ball python (1)]
  1214 | D:2      | Slain by a ribbon worm

Levels and vault maps discovered:
D:1:      evilmike_arrival_rings, layout_loops_corners, serial_forest,
          infiniplex_forest_lined_2, infiniplex_forest_end_1,
          infiniplex_forest_clump_medium, infiniplex_forest_end_2,
          infiniplex_forest_lined_2, shapermc_ecumenical_altar_acropolis
D:2:      layout_rooms, serial_bayou, serial_bayou_pond_e, serial_bayou_pond_c,
          serial_bayou_crossing, serial_bayou_lake_a, uniq_terence

Skill      XL: |  1  2 |
---------------+-------+-----
Dodging        | 3 4 |  4.0
Fighting       | |  1.5
Ranged Weapons | |  4.4
Stealth        | |  1.5

Action                     || total
---------------------------++-------
   Fire: Shortbow          ||    85
    Use: Potion            ||     3
         Scroll            ||     1
 Armour: Robe              ||    24
  Dodge: Dodged            ||   100

Table legend:
 A = Non-vault XP
 B = Vault XP
 C = Vault XP percentage of total XP
 D = Non-vault monster count
 E = Vault monster count
 F = Vault count percentage of total count
                 A         B        C        D         E       F
            +---------+---------+-------+---------+---------+-------
      Total |      47 |       0 |   0.0 |      26 |       0 |   0.0
            +---------+---------+-------+---------+---------+-------
        D:1 |      27 |       0 |   0.0 |      17 |       0 |   0.0
        D:2 |      20 |       0 |   0.0 |       9 |       0 |   0.0
            +---------+---------+-------+---------+---------+-------
